AoeStats
← 台北順起來

Arena

510766193Analyzed
3v3 RM · 22h ago on Oct 2, 2026· 22m 21s· 6 players
Game mode
Random Map
Map size
Normal (6 player)
Population
200
Speed
Normal
Resources
Standard
Victory
Conquest
Starting age
Dark Age
Ending age
Imperial Age
RankedLock teamsTeams togetherTeam positionsShared explorationLock speedFull tech treeHidden civsTurbo modeCheats
Victory
Defeat
🇹🇼 Persians · Taiwan
1041
+14
🇹🇼 Varangians · Taiwan
1033
+15
🇹🇼 Danes · Taiwan
999
+16
🇦🇷 Tatars · Argentina
1028
-15
🇬🇧 Bohemians · United Kingdom
995
-15
🇳🇱 Slavs · Netherlands
991
-15
-Slipstream/Matt
9:28 Feudal Age
9:57 Double-Bit Axe
12:24 Loom
15:40 Castle Age
16:48 Bow Saw
16:22 Horse Collar
23:15 Wheelbarrow
sfdejonge
2:36 Loom
11:12 Feudal Age
10:19 Loom
16:03 Castle Age
13:49 Double-Bit Axe
15:21 Scale Barding Armor
emanuelmugna
10:40 Feudal Age
13:05 Loom
13:09 Double-Bit Axe
Player Disconnected.
0:32 Loom
10:34 Feudal Age
15:58 Castle Age
15:56 Horse Collar
16:04 Double-Bit Axe
20:51 Stone Mining
台北順起來
7:36 Loom
9:46 Feudal Age
11:14 Double-Bit Axe
13:01 Man-at-Arms
14:11 Arson
16:33 Fletching
16:48 Horse Collar
sky2551230
6:59 Loom
9:46 Feudal Age
15:03 Castle Age
13:20 Double-Bit Axe
13:45 Horse Collar
14:17 Gold Mining
16:56 Scale Barding Armor
20:09 Husbandry
20:19 Bloodlines
Connection lost

Rejoining the realm…

Still unreachable

The connection could not be restored.

Session expired

The server has moved on; the page needs a fresh start.